 Dungeon Crawl Stone Soup version 0.30.1-11-g7821555f0a (webtiles) character file.

Game seed: 4075361928370192646

389886 bnorton916 the Ruinous (level 22, 0/125 HPs)
             Began as a Deep Elf Conjurer on Dec 12, 2023.
             Was an Initiate of Gozag.
             Shot with a bolt by a yaktaur captain (24 damage)
             ... on level 5 of the Vaults on Dec 13, 2023.
             The game lasted 03:43:19 (104617 turns).

bnorton916 the Ruinous (Deep Elf Conjurer)        Turns: 104617, Time: 03:43:20

Health: 0/125      AC: 17    Str:  9    XL:     22   Next: 7%
Magic:  45/58      EV: 17    Int: 39    God:    Gozag
Gold:   8496       SH: 14    Dex: 13    Spells: 8/63 levels left

rFire   + + .        u - staff of conjuration "Cosk" {+Blink rPois rN++ Str-3}
rCold   + . .        s - +3 kite shield "Oruotel" {Drain rElec Will+++ Int+4}
rNeg    + + .        h - +2 robe {Archmagi}
rPois   +            o - +2 helmet {Int+3}
rElec   +            f - +2 cloak {Will+}
rCorr   +            C - +1 pair of gloves of Gazoyz {Drain rC+ rCorr}
SInv    +            F - +2 pair of boots
Will    +++++        c - amulet of the acrobat
Stlth   +++++++      a - ring of Unureyn {rElec rPois MP+9 Int+3}
HPRegen 0.40/turn    t - ring of Harmony {rF++ Will- EV+5 Str+2 SInv}
MPRegen 0.36/turn

%: acrobat, archmagi
@: radiating poison, gold aura
A: shaggy fur 1
}: 2/15 runes: decaying, gossamer
a: Renounce Religion, Evoke Blink, Potion Petition, Call Merchant, Bribe Branch


You were on level 5 of the Vaults.
You worshipped Gozag.
Gozag was greatly pleased with you.
You visited 8 branches of the dungeon, and saw 39 of its levels.
You also visited: Trove, Bailey and Gauntlet.

You collected 19347 gold pieces.
You spent 5963 gold pieces at shops.
You paid 4888 gold pieces to Gozag.

Inventory:

Hand Weapons
 A - the +7 halberd of the Pillar {elec, *Rage Will+ Str+3 Dex+6}
   (You found it on level 1 of the Vaults)

   Str:       It affects your strength (+3).
   Dex:       It affects your dexterity (+6).
   *Rage:     It berserks you when you make melee attacks (+20% chance).
   Will:      It increases your willpower.
Missiles
 p - 10 curare-tipped darts
Armour
 f - a +2 cloak of willpower (worn)
 h - a +2 robe of the Archmagi (worn)
 o - a +2 helmet of intelligence (worn)
 s - the +3 kite shield "Oruotel" (worn) {Drain rElec Will+++ Int+4}
   (You acquired it on level 2 of the Orcish Mines)

   Int:       It affects your intelligence (+4).
   rElec:     It insulates you from electricity.
   Drain:     It drains your maximum health when unequipped.
   Will:      It greatly increases your willpower.
 C - the +1 pair of gloves of Gazoyz (worn) {Drain rC+ rCorr}
   (You bought it in a shop on level 1 of the Orcish Mines)

   rC:        It protects you from cold.
   rCorr:     It protects you from acid and corrosion.
   Drain:     It drains your maximum health when unequipped.
 F - a +2 pair of boots (worn)
Magical Staves
 u - the staff of conjuration "Cosk" (weapon) {+Blink rPois rN++ Str-3}
   (You acquired it on level 2 of the Orcish Mines)

   [staff of conjuration]

   Base accuracy: +5 Base damage: 5 Base attack delay: 1.2 This weapon's minimum
   attack delay (0.6) is reached at skill level 12.
   Str:       It affects your strength (-3).
   rPois:     It protects you from poison.
   rN:        It greatly protects you from negative energy.
   +Blink:    It lets you blink.
   It falls into the 'Staves' category.
   It is a one-handed weapon.
 v - the staff of earth "Ciusoben" {rPois Str+3 Dex+2}
   (You found it on level 3 of the Elven Halls)

   [staff of earth]

   Base accuracy: +5 Base damage: 5 Base attack delay: 1.2 This weapon's minimum
   attack delay (0.6) is reached at skill level 12.
   Str:       It affects your strength (+3).
   Dex:       It affects your dexterity (+2).
   rPois:     It protects you from poison.
   It falls into the 'Staves' category.
   It is a one-handed weapon.
 D - the staff of cold "Pesiur" {rC+ Dex+5}
   (You found it on level 3 of the Elven Halls)

   [staff of cold]

   Base accuracy: +5 Base damage: 5 Base attack delay: 1.2 This weapon's minimum
   attack delay (0.6) is reached at skill level 12.
   Dex:       It affects your dexterity (+5).
   rC:        It protects you from cold.
   It falls into the 'Staves' category.
   It is a one-handed weapon.
Jewellery
 a - the ring of Unureyn (left hand) {rElec rPois MP+9 Int+3}
   (You found it on level 2 of the Vaults)

   [ring of magical power]

   Int:       It affects your intelligence (+3).
   rElec:     It insulates you from electricity.
   rPois:     It protects you from poison.
   MP:        It affects your magic capacity (+9).
 c - an amulet of the acrobat (around neck)
 d - the ring of Ynaenos {Ice Contam rN+ Str+4 Dex+3}
   (You acquired it on level 2 of the Orcish Mines)

   [ring of ice]

   It enhances your ice magic.
   Str:       It affects your strength (+4).
   Dex:       It affects your dexterity (+3).
   rF:        It makes you vulnerable to fire.
   rC:        It protects you from cold.
   rN:        It protects you from negative energy.
   Contam:    It causes magical contamination when unequipped.
 k - an amulet of magic regeneration
 t - the ring of Harmony (right hand) {rF++ Will- EV+5 Str+2 SInv}
   (You took it off a deep elf demonologist on level 3 of the Elven Halls)

   [ring of evasion]

   EV:        It affects your evasion (+5).
   Str:       It affects your strength (+2).
   rF:        It greatly protects you from fire.
   SInv:      It lets you see invisible.
   Will:      It decreases your willpower.
 w - a ring of wizardry
 B - a +6 ring of dexterity
 I - a +6 ring of strength
 R - the ring of the Scarab {rPois rC+ Str+2 Int+2}
   (You acquired it on level 2 of the Orcish Mines)

   [ring of protection from cold]

   Str:       It affects your strength (+2).
   Int:       It affects your intelligence (+2).
   rC:        It protects you from cold.
   rPois:     It protects you from poison.
Wands
 q - a wand of flame (62)
 r - a wand of iceblast (4)
 x - a wand of paralysis (37)
 Q - a wand of digging (3)
 S - a wand of polymorph (31)
 Y - a wand of quicksilver (21)
 Z - a wand of mindburst (17)
Scrolls
 e - 4 scrolls of fear
 g - 2 scrolls of summoning
 i - 12 scrolls of poison
 l - 5 scrolls of teleportation
 y - 11 scrolls of fog
 E - 7 scrolls of enchant weapon
 H - 5 scrolls of amnesia
 J - a scroll of blinking
 O - a scroll of brand weapon
 P - 3 scrolls of torment
 T - 7 scrolls of noise
 V - a scroll of enchant armour
 X - 7 scrolls of magic mapping
Potions
 b - 8 potions of lignification
 j - 7 potions of attraction
 m - 5 potions of invisibility
 n - 10 potions of might
 z - a potion of resistance
 G - 11 potions of heal wounds
 K - 3 potions of flight
 L - 5 potions of magic
 M - 3 potions of cancellation
 N - 3 potions of brilliance
 U - 14 potions of ambrosia
 W - 2 potions of haste


   Skills:
 - Level 9.4 Fighting
 - Level 4.0 Armour
 - Level 6.0 Dodging
 - Level 19.6 Stealth
 - Level 10.0 Shields
 - Level 21.0 Spellcasting
 - Level 24.4 Conjurations
 - Level 5.4 Hexes
 - Level 4.5 Translocations
 - Level 8.0 Ice Magic
 - Level 4.0 Air Magic
 + Level 20.6 Earth Magic
 + Level 3.7 Poison Magic


You had 8 spell levels left.
You knew the following spells:

 Your Spells              Type           Power      Damage    Failure   Level
a - Magic Dart            Conj           100%       1d8       0%          1
b - Searing Ray           Conj           100%       2d8       0%          2
c - Fulminant Prism       Conj/Hex       75%        3d32      1%          4
d - Iskenderun's Mystic   Conj/Tloc      100%       2d19      1%          4
e - Mephitic Cloud        Conj/Pois/Air  100%       N/A       1%          3
f - Freezing Cloud        Conj/Ice/Air   70%        6-21      1%          5
g - Tukima's Dance        Hex            90%        N/A       1%          3
h - Orb of Destruction    Conj           87%        9d19      1%          7
i - Iron Shot             Conj/Erth      85%        9d15      1%          6
j - Lee's Rapid Deconstr  Erth           70%        3d32*     0%          5
k - Lehudib's Crystal Sp  Conj/Erth      85%        10d19     1%          8
l - Olgreb's Toxic Radia  Pois           81%        N/A       4%          4
m - Ignite Poison         Fire/Tmut/Pois 66%        N/A       3%          3

Your spell library contained the following spells:

 Spells                   Type           Power      Damage    Failure   Level
 Kiss of Death            Conj/Necr      100%       2d13      0%          1
 Shock                    Conj/Air       100%       1d9       0%          1
 Dazzling Flash           Conj/Hex       100%       N/A       0%          3
 Stone Arrow              Conj/Erth      100%       3d13      0%          3
 Apportation              Tloc           100%       N/A       1%          1
 Necrotise                Necr           100%       1d9       1%          1
 Sting                    Tmut/Pois      100%       1d8       1%          1
 Summon Small Mammal      Summ           100%       N/A       1%          1
 Cigotuvi's Dreadful Rot  Necr/Pois/Air  100%       N/A       1%          2
 Ensorcelled Hibernation  Hex/Ice        100%       N/A       1%          2
 Passwall                 Tmut/Erth      91%        N/A       1%          2
 Poisonous Vapours        Pois/Air       100%       N/A       1%          2
 Confusing Touch          Hex            90%        N/A       1%          3
 Frozen Ramparts          Ice            100%       1d16      1%          3
 Inner Flame              Hex/Fire       76%        N/A       1%          3
 Portal Projectile        Hex/Tloc       100%       N/A       1%          3
 Summon Guardian Golem    Hex/Summ       76%        N/A       1%          3
 Swiftness                Air            83%        N/A       1%          3
 Animate Armour           Summ/Erth      100%       N/A       1%          4
 Cause Fear               Hex            45%        N/A       1%          4
 Flame Wave               Conj/Fire      100%       2d21      1%          4
 Leda's Liquefaction      Hex/Erth       60%        N/A       1%          4
 Sticky Flame             Conj/Fire      100%       2d11      1%          4
 Irradiate                Conj/Tmut      70%        3d35      1%          5
 Volatile Blastmotes      Fire/Tloc      100%       2d18      2%          3
 Call Imp                 Summ           100%       N/A       3%          2
 Airstrike                Air            41%        2d(6-22)  3%          4
 Ice Form                 Ice/Tmut       83%        N/A       3%          4
 Manifold Assault         Tloc           86%        N/A       3%          4
 Passage of Golubria      Tloc           86%        N/A       3%          4
 Summon Ice Beast         Ice/Summ       83%        N/A       3%          4
 Statue Form              Tmut/Erth      73%        N/A       4%          6
 Call Canine Familiar     Summ           57%        N/A       6%          3
 Anguish                  Hex/Necr       38%        N/A       6%          4
 Silence                  Hex/Air        43%        N/A       8%          5
 Summon Lightning Spire   Summ/Air       71%        N/A       9%          4
 Spellforged Servitor     Conj/Summ      70%        N/A       11%         7
 Dispel Undead            Necr           57%        3d20      19%         4
 Yara's Violent Unravell  Hex/Tmut       38%        3d15      19%         5
 Dispersal                Tloc           43%        N/A       41%         6
 Agony                    Necr           57%        N/A       47%         5
 Blade Hands              Tmut           28%        N/A       47%         5
 Ozocubu's Refrigeration  Ice            50%        4d18      52%         7
 Enfeeble                 Hex            45%        N/A       87%         7
 Death Channel            Necr           28%        N/A       96%         6
 Dragon Form              Tmut           28%        N/A       100%        7
 Haunt                    Necr/Summ      28%        N/A       100%        7
 Storm Form               Tmut/Air       35%        N/A       100%        7
 Discord                  Hex            45%        N/A       100%        8
 Disjunction              Tloc           43%        N/A       100%        8
 Ignition                 Fire           28%        3d9       100%        8
 Infestation              Necr           28%        N/A       100%        8
 Maxwell's Capacitive Co  Air            41%        ∞         100%        8
 Shatter                  Erth           70%        3d51*     38%         9
 Chain Lightning          Conj/Air       74%        3d98      99%         9
 Fire Storm               Conj/Fire      70%        8d18      100%        9
 Polar Vortex             Ice            50%        N/A       100%        9
 Animate Dead             Necr           Unusable   N/A       N/A         4
 Simulacrum               Ice/Necr       Unusable   N/A       N/A         6

Dungeon Overview and Level Annotations

Branches:
Dungeon (15/15)            Temple (1/1) D:4            Lair (5/5) D:8
  Swamp (4/4) Lair:3       Spider (4/4) Lair:3        Slime (0/5) Lair:5
    Orc (2/2) D:9             Elf (3/3) Orc:2        Vaults (5/5) D:14
  Crypt (0/3) Vaults:3     Bailey (visited)         Gauntlet (visited)
 Depths: D:15

Altars:
Ashenzari
Cheibriados
Dithmenos
Elyvilon
Fedhas
Gozag
Hepliaklqana
Kikubaaqudgha
Makhleb
Nemelex Xobeh
Okawaru
Qazlal
Ru
Sif Muna
Trog
Uskayaw
Vehumet
Wu Jian
Xom
Yredelemnul
Zin
The Shining One

Shops:
D:4 :   D:7 *   D:8 *   D:10 (:=*?   D:11 =*(*   D:12 *   Orc:1 [   Orc:2 ([?=
Elf:2 [   Elf:3 (   Lair:1 :[![[   Vaults:1 !   Vaults:3 :

Annotations:
Elf:2 5 runed translucent doors
Elf:3 2 runed translucent doors, Jeyniew's ghost, adept TrMo


Innate Abilities, Weirdness & Mutations

You are covered in fur. (AC +1)


Message History

Unknown command.
Unknown command.
Casting: Orb of Destruction (mildly dangerous; 1% risk of failure)
Confirm with . or Enter, or press ? or * to list all spells.
You feel a surge of power!
You begin to radiate toxic energy.
The yaktaur captain is poisoned.
The ogre mage is poisoned.
The spriggan is poisoned.
The frost giant is poisoned.
The yaktaur captain looks even sicker.
The frost giant looks even sicker.
The frost giant casts a spell at you. The bolt of cold hits you! You resist.
The yaktaur captain shoots a bolt.
The bolt hits you!
The spriggan hits you but does no damage.
Unknown command.
Casting: Olgreb's Toxic Radiance (mildly dangerous; 4% risk of failure)
Confirm with . or Enter, or press ? or * to list all spells.
You feel a surge of power!
Your toxic radiance grows in intensity.
The yaktaur captain looks even sicker.
The ogre mage looks even sicker.
The spriggan looks even sicker.
The spriggan changes into a rime drake!
The ogre mage gestures wildly while chanting.
The ogre mage flickers and vanishes for a moment.
The yaktaur captain shoots a bolt.
The bolt hits you!!
Unknown command.
Unknown command.
Casting: Olgreb's Toxic Radiance (mildly dangerous; 4% risk of failure)
Confirm with . or Enter, or press ? or * to list all spells.
Aiming: Iron Shot (safe; 1% risk of failure)
Press: ? - help, Shift-Dir - straight line, f - rime drake
Aim: a rime drake shaped shifter (heavily wounded, 80% to hit)
You feel a strong surge of power!
The iron shot hits the rime drake!!!
You kill the rime drake!
The ogre mage looks even sicker.
The yaktaur captain shoots a bolt.
The bolt hits you!!!
* * * LOW HITPOINT WARNING * * *
Unknown command.
Unknown command.
Unknown command.
The yaktaur captain looks as sick as possible!
The yaktaur captain shoots a bolt.
The bolt hits you!!
You die...
Your body crumbles into a pile of gold.

.....#....#...#.
.....#..$.#.$..
....#....#...#
.....$.$..$.
#####..$...Oc#####
.$......$$$$$.....
...[...$<<$..$....
....[.$<$$<..$....
$.......@<$.$.....
#####..$$[$..#####
.$....$C.$$....
.....#.$..#....
#.....#...$#......
#.....#....#.$.###
$ ##....#....#.###
### #....#


You could see a frost giant (very poisoned), a yaktaur captain (extremely
poisoned) and an ogre mage (invisible, very poisoned).

Vanquished Creatures
  A dread lich (Vaults:4)
  the Lernaean hydra (Swamp:4)
  The ghost of Nornya the Convoker, a veteran MfSu of Ashenzari (Vaults:3)
  Nikola (Spider:1)
  Arachne (Spider:4)
  A golden dragon (Vaults:3)
  A tentacled monstrosity (Vaults:5)
  Rupert (D:14)
  Mlioglotl (Swamp:2)
  A titan (Vaults:4)
  A quicksilver dragon (Vaults:3)
  5 sphinxes
  3 tengu reavers
  A shadow dragon (Vaults:3)
  2 storm dragons (Vaults:4)
  Frances (Spider:1)
  Roxanne (Spider:2)
  2 fenstrider witches
  10 deep elf sorcerers
  3 ghost moths (Spider:4)
  A frost giant (Vaults:5)
  A fire giant (Vaults:2)
  2 emperor scorpions
  A ghost moth (shapeshifter) (Vaults:4)
  15 vault wardens
  18 ironbound preservers
  2 orc warlords
  2 deep elf elementalists (Elf:3)
  2 war gargoyles (Vaults:4)
  5 very ugly things (Vaults:2)
  4 broodmothers
  3 stone giants
  11 ironbound thunderhulks
  4 deep elf demonologists (Elf:3)
  5 eleionomae
  A minotaur (Gauntlet)
  4 bunyips
  4 spark wasps
  7 deep elf annihilators (Elf:3)
  21 dire elephants
  Azrael (Elf:2)
  4 deep elf death magi (Elf:3)
  5 crystal guardians (Elf:3)
  4 ettins
  A shambling mangrove (Swamp:2)
  11 yaktaur captains
  Josephine (D:13)
  4 entropy weavers
  5 deep elf high priests
  A fire dragon (Lair:5)
  3 great orbs of eyes
  The ghost of ChrisAssaf the Chopper, a journeyman DjAr of Jiyva (Lair:3)
  14 hydras
  2 ghost crabs
  36 vault guards
  4 radroaches
  3 ogre magi
  11 ironbound frosthearts
  4 jorogumos
  7 boulder beetles
  20 centaur warriors
  17 dancing weapons
  2 death knights (Vaults:3)
  A tengu warrior (D:14)
  7 two-headed ogres
  7 death yaks
  10 alligators
  6 death scarabs (Spider:4)
  The ghost of Angrytalen2 the Carver, a journeyman GrMo of Hepliaklqana (D:10)
  A spectral emperor scorpion (Spider:4)
  12 deep elf knights
  A shadow wraith (Vaults:4)
  Sonja (Lair:2)
  A fire crab (shapeshifter) (D:14)
  A sixfirhy (D:7)
  3 pharaoh ants
  4 sun moths
  3 skysharks
  6 goliath frogs
  A spriggan druid (Swamp:1)
  7 swamp dragons (Swamp:4)
  5 skeletal warriors (D:14)
  9 deep elf archers
  Lodul (D:14)
  47 deep trolls
  3 bog bodies (Swamp:2)
  10 orb spiders
  16 ironbound convokers
  6 wizards
  2 phantasmal warriors (Vaults:4)
  3 lindwurms
  16 deep elf zephyrmancers
  8 steelbarb worms
  A wolf spider zombie (Spider:4)
  24 ugly things
  5 orc knights
  A spectral wolf spider (Spider:4)
  A necromancer (D:14)
  20 deep elf pyromancers
  A broodmother zombie (Spider:4)
  20 wolf spiders
  5 manticores
  2 cyclopes (D:13)
  7 orc sorcerers
  3 will-o-the-wisps
  4 moths of wrath
  Joseph (D:9)
  5 elephants (Lair:5)
  A guardian serpent (Lair:5)
  A smoke demon (Gauntlet)
  11 black mambas
  An eye of devastation (Lair:5)
  A demonic crawler (Spider:3)
  The ghost of bmb222 the Covered, a novice DsFi (D:5)
  9 torpor snails
  23 vault sentinels
  14 cane toads
  3 komodo dragons
  8 rime drakes
  A hellion (Gauntlet)
  A spriggan zombie (D:15)
  A redback zombie (Spider:4)
  2 kobold demonologists (D:11)
  A rime drake (shapeshifter) (Vaults:5)
  A guardian mummy (D:15)
  An unseen horror (shapeshifter) (Elf:1)
  A spectral redback (Spider:4)
  32 yaktaurs
  2 freezing wraiths
  An efreet (D:14)
  A queen bee (Lair:1)
  2 bloated husks
  4 trolls (Orc:2)
  9 tyrant leeches
  2 polar bears
  19 tarantellas
  2 spectral jumping spiders (Spider:4)
  17 hornets
  4 tarantella zombies (Spider:4)
  6 spectral tarantellas (Spider:4)
  A jumping spider zombie (Spider:4)
  4 blink frogs (Lair:5)
  6 dream sheep
  27 jumping spiders
  An air elemental (Elf:1)
  24 slime creatures
  A jumping spider (shapeshifter) (D:14)
  A ynoxinul (D:10)
  7 water elementals
  20 culicivoras
  3 spriggans
  Sigmund (D:5)
  60 yaks
  A shadow (D:12)
  12 wraiths
  A vampire (D:12)
  18 wyverns
  11 fire elementals
  7 basilisks
  A swamp worm (shapeshifter) (D:13)
  41 redbacks
  7 vampire mosquitoes
  5 wargs
  13 swamp worms
  3 acid dragons
  18 water moccasins
  3 hell hounds
  A floating eye (Lair:5)
  18 orc warriors
  A sky beast (D:8)
  10 swamp drakes
  An ice beast (D:6)
  4 black bears
  11 ogres
  5 wolves (Lair:2)
  13 centaurs
  3 phantoms
  9 kobold brigands
  A gnoll sergeant (D:9)
  15 bullfrogs
  An earth elemental (Elf:2)
  3 scorpions
  A wight (Vaults:3)
  41 killer bees
  3 electric eels
  5 howler monkeys
  4 crimson imps (Gauntlet)
  5 hounds
  20 orc priests
  Crazy Yiuf (D:2)
  2 gnoll boudas
  3 jellies
  A sleepcap (D:6)
  Ijyb (D:4)
  5 iguanas
  52 orc wizards
  6 hell rats (D:14)
  Robin (D:2)
  35 gnolls
  5 adders
  An ufetubus (D:5)
  2 worms
  3 dart slugs
  92 orcs
  7 endoplasms
  4 giant cockroaches
  39 goblins
  31 hobgoblins
  6 jackals
  28 kobolds
  2 quokkas
  9 ball pythons
  5 bats
  7 rats
1615 creatures vanquished.

Vanquished Creatures (others)
  4 eldritch tentacles (Vaults:3)
  An orc wizard (Orc:2)
  4 foxfires (Swamp:2)
  43 fulminant prisms
52 creatures vanquished.

Grand Total: 1667 creatures vanquished

Notes
Turn   | Place    | Note
-------+----------+-------------------------------------------
     0 | D:1      | bnorton916 the Deep Elf Conjurer began the quest for the
                  | Orb.
     0 | D:1      | Reached XP level 1. HP: 10/10 MP: 6/6
   282 | D:1      | Reached XP level 2. HP: 15/15 MP: 4/8
   285 | D:1      | Learned a level 2 spell: Searing Ray
   338 | D:1      | Found a faded altar of an unknown god.
  1140 | D:2      | Reached skill level 5 in Conjurations
  1140 | D:2      | Reached XP level 3. HP: 19/19 MP: 5/10
  1144 | D:2      | Noticed Robin
  1296 | D:1      | Learned a level 3 spell: Mephitic Cloud
  1608 | D:2      | Killed Robin
  1612 | D:2      | Reached skill level 1 in Air Magic
  1612 | D:2      | Reached skill level 1 in Poison Magic
  1612 | D:2      | Reached XP level 4. HP: 17/24 MP: 4/12
  1901 | D:2      | Learned a level 4 spell: Fulminant Prism
  1968 | D:2      | Found a runed translucent door.
  1969 | D:2      | Noticed Crazy Yiuf
  2356 | D:2      | Reached XP level 5. HP: 28/28 MP: 8/14
  2540 | D:2      | Killed Crazy Yiuf
  3023 | D:3      | Reached skill level 1 in Hexes
  3074 | D:3      | Reached skill level 5 in Spellcasting
  4259 | D:3      | Reached XP level 6. HP: 32/32 MP: 11/15
  5047 | D:4      | Noticed Ijyb
  5053 | D:4      | Killed Ijyb
  5295 | D:4      | Reached skill level 6 in Conjurations
  5295 | D:4      | Reached XP level 7. HP: 36/36 MP: 11/17
  5302 | D:4      | Learned a level 4 spell: Iskenderun's Mystic Blast
  5458 | D:4      | Found a staircase to the Ecumenical Temple.
  5781 | Temple   | Entered the Ecumenical Temple
  6276 | D:4      | Found Raezxa's Book Emporium.
  6636 | D:5      | Entered Level 5 of the Dungeon
  6640 | D:5      | Reached skill level 5 in Hexes
  6691 | D:5      | Reached skill level 7 in Conjurations
  6691 | D:5      | Reached XP level 8. HP: 41/41 MP: 13/20
  6986 | D:5      | Found an opulent altar of Gozag.
  6987 | D:5      | Found a snail-covered altar of Cheibriados.
  6989 | D:5      | Found a radiant altar of Vehumet.
  6990 | D:5      | Found a shadowy altar of Dithmenos.
  6990 | D:5      | Found a glowing golden altar of the Shining One.
  7002 | D:5      | Became a worshipper of Gozag Ym Sagoz the Greedy
  7119 | D:5      | Reached skill level 1 in Translocations
  7485 | D:5      | Found a runed translucent gate.
  7486 | D:5      | Found a runed translucent gate.
  7486 | D:5      | Noticed bmb222's ghost (novice DsFi)
  7488 | D:5      | Found a runed translucent gate.
  7896 | D:5      | Noticed Sigmund
  7915 | D:5      | Killed Sigmund
  8285 | D:6      | Identified the +0 leather armour "Toichic" {Harm Str+6}
  8469 | D:6      | Reached skill level 8 in Conjurations
  8739 | D:6      | Reached XP level 9. HP: 45/45 MP: 17/23
  9256 | D:6      | Learned a level 5 spell: Freezing Cloud
  9491 | D:7      | Found a flagged portal.
  9511 | Bailey   | Entered a bailey
  9550 | Bailey   | Reached skill level 1 in Ice Magic
 10677 | D:7      | Noticed a sixfirhy
 10678 | D:7      | Found a runed translucent door.
 10775 | D:7      | Found a shimmering blue altar of Sif Muna.
 10936 | D:7      | Found Feqizol's Assorted Antiques.
 11132 | D:8      | Reached skill level 5 in Ice Magic
 11442 | D:8      | Reached skill level 5 in Dodging
 11681 | D:8      | Found a staircase to the Lair.
 11794 | Lair:1   | Entered Level 1 of the Lair of Beasts
 11794 | Lair:1   | Noticed a cane toad
 11826 | Lair:1   | Killed a cane toad
 11829 | Lair:1   | Reached XP level 10. HP: 47/50 MP: 6/25
 11835 | Lair:1   | Reached skill level 9 in Conjurations
 11967 | Lair:1   | Bought a pair of distressingly furry gloves for 209 gold
                  | pieces
 11967 | Lair:1   | Identified the +2 pair of gloves of Kesil {-Cast rCorr
                  | Dex+6} (You bought it in a shop on level 1 of the Lair of
                  | Beasts)
 12028 | Lair:1   | Noticed a cane toad
 12030 | Lair:1   | Reached skill level 10 in Spellcasting
 12034 | Lair:1   | Killed a cane toad
 12246 | D:8      | Reached skill level 10 in Conjurations
 12566 | D:8      | Found Rolexi's Assorted Antiques.
 13308 | Lair:1   | Reached XP level 11. HP: 54/54 MP: 20/29
 14143 | Lair:1   | Reached skill level 11 in Conjurations
 14146 | Lair:1   | Noticed a boulder beetle
 14327 | Lair:1   | Killed a boulder beetle
 14457 | Lair:1   | Identified the +4 scale mail of Dianareh {rF+}
 15305 | Lair:2   | Noticed Sonja
 15310 | Lair:2   | Killed Sonja
 15597 | Lair:2   | Reached skill level 12 in Conjurations
 16875 | Lair:2   | Reached XP level 12. HP: 51/59 MP: 26/32
 17365 | Lair:1   | Bought a potion of heal wounds for 65 gold pieces
 17365 | Lair:1   | Bought a potion of heal wounds for 65 gold pieces
 17365 | Lair:1   | Bought a potion of curing for 39 gold pieces
 17365 | Lair:1   | Bought a potion of curing for 39 gold pieces
 17365 | Lair:1   | Bought a potion of mutation for 104 gold pieces
 17365 | Lair:1   | Reached XP level 13. HP: 70/70 MP: 33/33
 17937 | Lair:3   | Found a hole to the Spider Nest.
 17967 | Lair:3   | Reached skill level 15 in Spellcasting
 17967 | Lair:3   | Reached skill level 13 in Conjurations
 18570 | Lair:3   | Found a runed translucent door.
 19446 | Lair:3   | Found a staircase to the Swamp.
 19621 | Lair:3   | Noticed ChrisAssaf's ghost (journeyman DjAr)
 19670 | Lair:4   | Found a gate leading to a gauntlet.
 19696 | Gauntlet | Entered a Gauntlet
 19696 | Gauntlet | Found a transporter.
 19696 | Gauntlet | Found a transporter.
 19759 | Gauntlet | Found a transporter.
 19776 | Gauntlet | Found a transporter.
 19776 | Gauntlet | Found a transporter.
 19780 | Gauntlet | Found a transporter.
 19780 | Gauntlet | Found a transporter.
 19782 | Gauntlet | Found a transporter.
 19802 | Gauntlet | Found a transporter.
 19818 | Gauntlet | Found a transporter.
 19828 | Gauntlet | Found a transporter.
 19842 | Gauntlet | Found a transporter.
 19864 | Gauntlet | Found a transporter.
 19880 | Gauntlet | Found a transporter.
 20441 | Gauntlet | Identified the +1 pair of boots of Whack-A-Mole {+Blink
                  | Will- Regen+}
 20467 | Gauntlet | Learned a level 3 spell: Tukima's Dance
 20467 | Gauntlet | Noticed a minotaur
 20480 | Gauntlet | Killed a minotaur
 20481 | Gauntlet | Reached skill level 14 in Conjurations
 20680 | Gauntlet | Reached XP level 14. HP: 80/80 MP: 36/36
 22574 | Lair:5   | Entered Level 5 of the Lair of Beasts
 23095 | Lair:5   | Reached skill level 15 in Conjurations
 23780 | Lair:5   | Found a staircase to the Slime Pits.
 24368 | Lair:5   | Found a runed translucent door.
 24955 | Lair:5   | Reached XP level 15. HP: 27/85 MP: 13/39
 25887 | Lair:5   | Reached skill level 16 in Conjurations
 27065 | Lair:5   | Identified the +0 leather armour of Kyfub {rN+}
 28894 | D:9      | Noticed Joseph
 29430 | D:9      | Killed Joseph
 29778 | D:9      | Found a staircase to the Orcish Mines.
 31526 | D:9      | Found an iron altar of Okawaru.
 31530 | D:9      | Found a basalt altar of Yredelemnul.
 31535 | D:9      | Found a stormy altar of Qazlal.
 31581 | D:10     | Entered Level 10 of the Dungeon
 31974 | D:10     | Found Zuimyliv's Book Boutique.
 31991 | D:10     | Bought a book of Dangerous Friends for 600 gold pieces
 31999 | D:10     | Learned a level 7 spell: Orb of Destruction
 32024 | D:10     | Found Cicylo Ejuch's Jewellery Emporium.
 32038 | D:10     | Noticed Angrytalen2's ghost (journeyman GrMo)
 32126 | D:10     | Found Onaum's Antique Weapon Shop.
 32313 | D:10     | Found a runed translucent door.
 32329 | D:10     | Reached skill level 17 in Conjurations
 32340 | D:10     | Killed Angrytalen2's ghost
 32458 | D:10     | Got Mibiyweq's Omnibus of Mud
 32466 | D:10     | Learned a level 6 spell: Iron Shot
 33118 | D:10     | Found Siuxkeanei's Assorted Antiques.
 33126 | D:10     | Bought a runed cloak for 210 gold pieces
 33413 | D:10     | Found Molatimp's Magic Scroll Emporium.
 33560 | D:11     | Reached skill level 1 in Earth Magic
 34092 | D:11     | Found Bapiotif's General Store.
 34097 | D:11     | Found Peucris's Jewellery Emporium.
 34117 | D:11     | Found Akhlil's Assorted Antiques.
 34123 | D:11     | Found Vomash's Weapon Shoppe.
 34987 | D:12     | You fall into a shaft and drop 2 floors!
 35409 | D:14     | Noticed Lodul
 35432 | D:14     | Killed Lodul
 36954 | D:13     | Noticed Josephine
 36963 | D:13     | Killed Josephine
 37363 | D:12     | Found a portal to a secret trove of treasure.
 37829 | D:10     | Bought a potion of haste for 280 gold pieces
 37943 | D:12     | You paid a toll of 7 potions of haste to enter a treasure
                  | trove
 37944 | Trove    | Entered a treasure trove
 37946 | Trove    | Found a bloodstained altar of Trog.
 37965 | Trove    | Identified the +11 quick blade "Goproapn" {drain, Stlth+}
 37981 | Trove    | Identified the +5 glaive "Yvile" {antimagic, rF- rC+ Str+2
                  | Dex+3}
 37982 | Trove    | Identified the +5 scimitar of Kocipaef {drain, Int+2}
 38609 | D:12     | Reached skill level 5 in Earth Magic
 39483 | D:12     | Found Imiexisy's Assorted Antiques.
 39491 | D:12     | Bought a scroll of teleportation for 81 gold pieces
 40193 | D:13     | Reached skill level 18 in Conjurations
 40883 | D:14     | Found a glowing silver altar of Zin.
 41650 | D:14     | Found a gate to the Vaults.
 41687 | D:14     | Reached XP level 16. HP: 90/90 MP: 29/40
 42332 | D:14     | Noticed Rupert
 42340 | D:14     | Reached skill level 19 in Conjurations
 42352 | D:14     | Killed Rupert
 43330 | D:15     | Entered Level 15 of the Dungeon
 43739 | Orc:1    | Entered Level 1 of the Orcish Mines
 44130 | Orc:1    | Found Haskel's Antique Armour Shoppe.
 44145 | Orc:1    | Bought a pair of crude gloves for 228 gold pieces
 44145 | Orc:1    | Identified the +1 pair of gloves of Gazoyz {Drain rC+
                  | rCorr} (You bought it in a shop on level 1 of the Orcish
                  | Mines)
 45254 | Orc:2    | Entered Level 2 of the Orcish Mines
 46127 | Orc:2    | Found a staircase to the Elven Halls.
 46941 | Orc:2    | Found Ciufaasm's Antique Armour Shoppe.
 46941 | Orc:2    | Found Lousu's Antique Weapon Shop.
 47052 | Orc:2    | Bought a pair of masterwork gloves for 209 gold pieces
 47052 | Orc:2    | Identified the +1 pair of gloves "Gogifaofou" {+Blink rCorr
                  | Int+3} (You bought it in a shop on level 2 of the Orcish
                  | Mines)
 47838 | Orc:2    | Found Xawk's Jewellery Shoppe.
 47838 | Orc:2    | Found Gihuom's Magic Scroll Shop.
 47856 | Orc:2    | Bought a scroll of acquirement for 780 gold pieces
 47856 | Orc:2    | Bought a scroll of magic mapping for 112 gold pieces
 47856 | Orc:2    | Bought a scroll of teleportation for 45 gold pieces
 47856 | Orc:2    | Bought a scroll of teleportation for 45 gold pieces
 47856 | Orc:2    | Bought a scroll of teleportation for 45 gold pieces
 47856 | Orc:2    | Acquired the ring of Ynaenos {Ice Contam rN+ Str+4 Dex+3}
 47858 | Orc:2    | Acquired the ring of the Scarab {rPois rC+ Str+2 Int+2}
 47860 | Orc:2    | Acquired the staff of conjuration "Cosk" {+Blink rPois rN++
                  | Str-3}
 47863 | Orc:2    | Acquired the +3 kite shield "Oruotel" {Drain rElec Will+++
                  | Int+4}
 48165 | Swamp:1  | Entered Level 1 of the Swamp
 48169 | Swamp:1  | Reached skill level 1 in Shields
 49059 | Swamp:1  | Paralysed by a fenstrider witch for 5 turns
 49526 | Swamp:1  | Identified the +0 robe "Kotheevaa" {+Blink Dex+4}
 50096 | Swamp:2  | Reached skill level 5 in Shields
 51532 | Swamp:2  | Noticed Mlioglotl
 51536 | Swamp:2  | Killed Mlioglotl
 52215 | Swamp:3  | Identified the +1 robe of Mezcal {Fly MP+9}
 52900 | Swamp:4  | Entered Level 4 of the Swamp
 54047 | Swamp:4  | Reached XP level 17. HP: 94/95 MP: 24/41
 54237 | Swamp:4  | Noticed the 27-headed Lernaean hydra
 54241 | Swamp:4  | Killed the 27-headed Lernaean hydra
 55147 | Swamp:4  | Reached skill level 10 in Shields
 55608 | Swamp:4  | Got a decaying rune of Zot
 56364 | Elf:1    | Entered Level 1 of the Elven Halls
 56528 | Elf:1    | Reached skill level 20 in Conjurations
 58577 | Elf:1    | Reached skill level 21 in Conjurations
 61684 | Elf:2    | Found Giusupiw's Antique Armour Shop.
 61697 | Elf:2    | Bought a pair of glowing boots for 285 gold pieces
 61916 | Lair:1   | Bought a shiny helmet for 165 gold pieces
 62246 | Elf:2    | Found a huge runed translucent gate.
 62246 | Elf:2    | Found a huge runed translucent gate.
 62246 | Elf:2    | Found a huge runed translucent gate.
 62246 | Elf:2    | Noticed Azrael
 62252 | Elf:2    | Killed Azrael
 62527 | Elf:2    | Found a huge runed translucent gate.
 62533 | Elf:2    | Found a huge runed translucent gate.
 62695 | Elf:3    | Entered Level 3 of the Elven Halls
 62724 | Elf:3    | Reached skill level 22 in Conjurations
 63450 | Elf:3    | Found Xeoqeb's Weapon Boutique.
 63490 | Elf:3    | Reached XP level 18. HP: 77/100 MP: 30/42
 63675 | Elf:3    | Found a large runed translucent door.
 63676 | Elf:3    | Found a large runed translucent door.
 63677 | Elf:3    | Noticed Jeyniew's ghost (adept TrMo)
 64968 | Elf:3    | Reached skill level 23 in Conjurations
 65001 | Elf:3    | Identified the +9 plate armour of Impatience {Drain rPois
                  | Dex+4}
 65766 | Elf:3    | Identified the ring of Harmony {rF++ Will- EV+5 Str+2 SInv}
 65836 | Elf:3    | Identified the +5 falchion "Taoptyv" {elec, Str+2 Int-2
                  | Dex+2}
 65836 | Elf:3    | Identified the +0 robe "Vulolaell" {rCorr}
 66144 | Elf:3    | Identified the staff of poison "Otithrigo" {rElec rPois rF+
                  | rN+ Int-2}
 66163 | Elf:3    | Identified the +0 plate armour "Sihoapla" {rElec rPois
                  | Dex+3}
 66175 | Elf:3    | Identified the staff of cold "Pesiur" {rC+ Dex+5}
 66178 | Elf:3    | Identified the staff of earth "Ciusoben" {rPois Str+3
                  | Dex+2}
 66594 | Spider:1 | Entered Level 1 of the Spider Nest
 66600 | Spider:1 | Reached skill level 10 in Earth Magic
 66931 | Spider:1 | Identified the +1 chain mail "Voib" {rPois rF+ Str-5}
 67167 | Lair:3   | Killed ChrisAssaf's ghost
 67189 | Lair:3   | Identified the +4 chain mail "Evahongy" {Dex+2}
 67556 | D:5      | Killed bmb222's ghost
 68000 | Spider:1 | Noticed Nikola
 68028 | Spider:1 | Killed Nikola
 68048 | Spider:1 | Noticed Frances
 68210 | Spider:1 | Killed Frances
 69303 | Spider:1 | You fall into a shaft and drop 1 floor!
 71401 | Spider:2 | Noticed Roxanne
 71432 | Spider:2 | Killed Roxanne
 72025 | Spider:2 | Reached skill level 24 in Conjurations
 72782 | Spider:4 | Entered Level 4 of the Spider Nest
 72782 | Spider:4 | Noticed Arachne
 73866 | Spider:3 | Reached XP level 19. HP: 104/104 MP: 13/43
 75772 | Spider:4 | Killed Arachne
 80694 | Spider:4 | Identified the scarf "Coliuditz" {repulsion, Harm Regen+}
 80702 | Spider:4 | Got a gossamer rune of Zot
 81072 | Lair:1   | Gained mutation: You are weak. (Str -2) [potion of
                  | mutation]
 81072 | Lair:1   | Gained mutation: Your spells are a little easier to cast,
                  | but a little less powerful. [potion of mutation]
 81072 | Lair:1   | Gained mutation: Your system is resistant to poisons.
                  | (rPois) [potion of mutation]
 81073 | Lair:1   | Lost mutation: Your system is resistant to poisons. (rPois)
                  | [potion of mutation]
 81073 | Lair:1   | Lost mutation: Your spells are a little easier to cast, but
                  | a little less powerful. [potion of mutation]
 81073 | Lair:1   | Gained mutation: Your magical capacity is low. (-10% MP)
                  | [potion of mutation]
 81074 | Lair:1   | Lost mutation: Your magical capacity is low. (-10% MP)
                  | [potion of mutation]
 81074 | Lair:1   | Lost mutation: You are weak. (Str -2) [potion of mutation]
 81074 | Lair:1   | Gained mutation: You expend magic power (3 MP) to
                  | strengthen your wands. [potion of mutation]
 81074 | Lair:1   | Gained mutation: You have hidden genetic defects. [potion
                  | of mutation]
 81075 | Lair:1   | Lost mutation: You have hidden genetic defects. [potion of
                  | mutation]
 81075 | Lair:1   | Lost mutation: You expend magic power (3 MP) to strengthen
                  | your wands. [potion of mutation]
 81075 | Lair:1   | Gained mutation: You possess an exceptional clarity of
                  | mind. [potion of mutation]
 81075 | Lair:1   | Gained mutation: You are frail. (-10% HP) [potion of
                  | mutation]
 81075 | Lair:1   | Gained mutation: Your spells are a little easier to cast,
                  | but a little less powerful. [potion of mutation]
 81076 | Lair:1   | Lost mutation: Your spells are a little easier to cast, but
                  | a little less powerful. [potion of mutation]
 81076 | Lair:1   | Lost mutation: You possess an exceptional clarity of mind.
                  | [potion of mutation]
 81076 | Lair:1   | Gained mutation: You occasionally shout uncontrollably at
                  | your foes. [potion of mutation]
 81077 | Lair:1   | Lost mutation: You are frail. (-10% HP) [potion of
                  | mutation]
 81077 | Lair:1   | Lost mutation: You occasionally shout uncontrollably at
                  | your foes. [potion of mutation]
 81077 | Lair:1   | Gained mutation: Your muscles are strong. (Str +4, Int/Dex
                  | -1) [potion of mutation]
 81077 | Lair:1   | Gained mutation: You are covered in fur. (AC +1) [potion of
                  | mutation]
 81077 | Lair:1   | Lost mutation: Your muscles are strong. (Str +4, Int/Dex
                  | -1) [potion of mutation]
 81352 | Vaults:1 | Entered Level 1 of the Vaults
 83369 | Vaults:1 | Found Reje's Distillery.
 83372 | Vaults:1 | Bought a potion of heal wounds for 80 gold pieces
 83372 | Vaults:1 | Bought a potion of curing for 48 gold pieces
 83372 | Vaults:1 | Bought a potion of curing for 48 gold pieces
 83372 | Vaults:1 | Bought a potion of curing for 48 gold pieces
 83372 | Vaults:1 | Bought a potion of curing for 48 gold pieces
 83661 | Vaults:1 | Reached skill level 15 in Earth Magic
 85475 | Vaults:1 | Identified the +7 halberd of the Pillar {elec, *Rage Will+
                  | Str+3 Dex+6}
 85975 | Vaults:2 | Reached XP level 20. HP: 100/111 MP: 40/47
 88515 | Vaults:2 | Identified the +5 rapier "Undertaker" {freeze, rPois Int+3
                  | Stlth+}
 91094 | Vaults:2 | Identified the ring of Unureyn {rElec rPois MP+9 Int+3}
 91280 | Vaults:3 | Found Enel's Book Shop.
 91290 | Vaults:3 | Bought a manual of Stealth for 1360 gold pieces
 92320 | Vaults:3 | Found a transporter.
 92325 | Vaults:3 | Noticed a golden dragon
 92328 | Vaults:3 | Noticed Nornya's ghost (veteran MfSu)
 92334 | Vaults:3 | Found a transporter.
 92517 | Vaults:3 | Found a staircase to the Crypt.
 92546 | Vaults:3 | Reached skill level 10 in Stealth
 94443 | Vaults:3 | Reached XP level 21. HP: 120/120 MP: 35/48
 97210 | Vaults:3 | Killed a golden dragon
 97211 | Vaults:3 | Reached skill level 15 in Stealth
 97625 | Vaults:3 | Killed Nornya's ghost
 97670 | Vaults:3 | Identified the ring "Zatyna" {rElec rC+ Will- Str+6 Dex+4}
 97677 | Vaults:3 | Identified the amulet "Iner Cif" {Faith Harm *Corrode
                  | Int+8}
 97905 | Lair:1   | Bought a glowing cloak for 247 gold pieces
 97905 | Lair:1   | Bought a runed cloak for 247 gold pieces
 97905 | Lair:1   | Bought an ichor-stained leather armour for 231 gold pieces
 97905 | Lair:1   | Identified the +3 leather armour of Light {Int+3} (You
                  | bought it in a shop on level 1 of the Lair of Beasts)
 97957 | Lair:1   | Learned a level 5 spell: Lee's Rapid Deconstruction
 97966 | Lair:1   | Learned a level 8 spell: Lehudib's Crystal Spear
 97971 | Lair:1   | Learned a level 4 spell: Olgreb's Toxic Radiance
 97975 | Lair:1   | Learned a level 3 spell: Ignite Poison
101802 | Vaults:5 | Entered Level 5 of the Vaults
102110 | Vaults:5 | Noticed a golden dragon
102113 | Vaults:5 | Noticed a dread lich
103069 | Vaults:5 | Noticed a dread lich
103535 | Vaults:4 | Killed a dread lich
103536 | Vaults:4 | Reached XP level 22. HP: 125/125 MP: 47/49
104617 | Vaults:5 | Shot with a bolt by a yaktaur captain

Illustrated notes

Levels and vault maps discovered:
D:1:      lightli_molten_gateway, layout_loops_ring,
          shapermc_ecumenical_altar_flowoftime
D:2:      cheibrodos_pilgrimage, layout_basic, chequers_mini_garden,
          uniq_crazy_yiuf_cottage, uniq_robin
D:3:      minmay_goblin_kobold_castle, layout_loops_corners
D:4:      layout_loops_ring, minmay_temple_entry_glass, serial_shops,
          nicolae_shop_trees, uniq_ijyb
D:5:      layout_basic, grunt_temple_overflow_open, gammafunk_ghost_split,
          kennysheep_cross_bottleneck, uniq_sigmund
D:6:      layout_cave_pools, minmay_liquid_box
D:7:      cheibrodos_shockbox, layout_basic, mainiacjoe_overflow_catwalk,
          serial_shops, shop, enter_bailey_6
D:8:      layout_gridville, due_lair_maze_entry_diamond, serial_shops, shop
D:9:      layout_rooms, grunt_temple_overflow_diamond, uniq_joseph
D:10:     layout_gridville, hellmonk_ghost_big_iron, serial_shops,
          nicolae_shop_hallway_plus, shop, shop, shop, nicolae_stop_n_shop_2
D:11:     layout_rooms, serial_shops, shop_fountains, nicolae_shop_statue_plus,
          shop, shop
D:12:     layout_small_grid, serial_shops, shop, enter_trove_0,
          kennysheep_generic_room_6
D:13:     layout_gridville, uniq_josephine
D:14:     layout_roguey [special_room_mythical_zoo], david_vaults_4, zin_angel,
          uniq_rupert, uniq_lodul
D:15:     gammafunk_depths_entry_grave, layout_irregular_city,
          portal_ice_cave_entry_dragon, chequers_serial_rivers_micro_c,
          st_stairs_5
Temple:   cyrus_circular_temple
Lair:1:   layout_small_grid, special_room [special_room_bee], grunt_megastairs_4
Lair:2:   layout_concentric_octagons, uniq_sonja
Lair:3:   layout_regular_city, minmay_swamp_entry_worms, dummy_spider_entry,
          ebering_ghost_reflecting_pool, lemuel_fruit_tree,
          serial_bayou_shore_a, infiniplex_staircase_pool, grunt_megastairs_1
Lair:4:   layout_cave_pods, gauntlet_entry_generic, gammafunk_lair_bear_cave
Lair:5:   wormcave, layout_regular_city, hangedman_lair_tendril_chambers,
          minmay_slime_entry_eyes, serial_bayou_shore_b
Swamp:1:  layout_basic_swamp, evilmike_swamp_ruin_house_2, swamp_pool5
Swamp:2:  layout_basic_swamp, nicolae_swamp_well_well_well, uniq_mlioglotl
Swamp:3:  layout_basic_swamp, serial_swamp_ruin, evilmike_swamp_ruin_house_5,
          evilmike_swamp_ruin_wall, swamp_pool1
Swamp:4:  swamp_old_school, layout_basic_swamp, swamp_pool1,
          infiniplex_staircase_pool_2
Spider:1: layout_spider_delve, nicolae_spider_wall_of_niches, uniq_nikola,
          uniq_frances
Spider:2: layout_chambers, uniq_roxanne
Spider:3: layout_spider_delve, drop_trap, nicolae_spider_orb_run
Spider:4: floodkiller_spider_rune_tomb, nicolae_spider_checkerboard,
          uniq_arachne
Orc:1:    layout_caves, serial_shops, nicolae_shop_window_shopping
Orc:2:    st_orc_town, layout_diamond_mine
Elf:1:    layout_loops_corners, minivault_28, nicolae_elf_crossing_hall
Elf:2:    elven_hall_of_blades_hangedman_alternative
          [nicolae_blade_entry_hurt_lockers], layout_loops_cross, serial_shops,
          nicolae_shop_rolling_square, uniq_azrael
Elf:3:    minmay_elf_hall_golems, layout_geoelf_castle,
          ebering_ghost_disaster_area, serial_shops, shop
Vaults:1: nicolae_vaults_thirteen_compartments, nicolae_vaults_specimen_jars,
          vaults_room_grid, nicolae_vaults_closet_pinwheel_6,
          nicolae_vaults_closet_pinwheel_3, v_misc_5, vaults_room_pools,
          nicolae_vaults_trapezoid_1, hangedman_vaults_slice,
          nicolae_vaults_mini_display_case, layout_vaults_omnicross,
          serial_shops, nicolae_shop_tiny_real_fake_doors
Vaults:2: v_misc_26, nicolae_vaults_surprise_closet_hard, grunt_vaults_twisty,
          v_misc_3, nicolae_vaults_little_squares_5, nicolae_vaults_triangles,
          ontoclasm_vaults_ring_large, nicolae_vaults_little_squares_1,
          grunt_vaults_swirl, nicolae_vaults_octothorpe,
          vaults_dpeg_encased_lava, nicolae_vaults_heist, layout_vaults_big_room
Vaults:3: gammafunk_ghost_arena, nicolae_vaults_little_squares_1,
          blue_anna_dwarven_crypt, nicolae_vaults_ellipses_ellipsis,
          nicolae_vaults_diamond_2, nicolae_vaults_two_Ls, v_misc_26,
          nicolae_vaults_hallways_thing, nicolae_vaults_arrows,
          nicolae_vaults_house_2, nicolae_vaults_trapezoid_lopsided_2,
          nicolae_vaults_trapezoid_4, v_misc_12, nicolae_vaults_mush_room,
          grunt_vaults_focal, layout_vaults_maze, serial_shops,
          nicolae_shop_tiny_glass
Vaults:4: nicolae_vaults_little_squares_4, nicolae_vaults_security_offices_6,
          hangedman_vaults_cutoff, nicolae_vaults_double_plus_1,
          nicolae_vaults_sightless_eye, nicolae_vaults_surprise_closet,
          nicolae_vaults_tetromino_Z_1, nicolae_vaults_doubleplus_tesselated,
          layout_vaults_omnigrid
Vaults:5

Skill      XL: |  1  2  3  4  5  6  7  8  9 10 11 12 13 14 15 16 17 18 19 20 21 |
---------------+----------------------------------------------------------------+-----
Spellcasting   | 4 5 7 8 9 12 14 16 18 21 | 21.0
Conjurations   | 5 6 7 8 10 12 14 15 18 19 22 24 | 24.4
Air Magic      | 1 2 3 4 |  4.0
Poison Magic   | 1 2 3 |  3.7
Hexes          | 1 3 5 |  5.4
Translocations | 4 |  4.5
Ice Magic      | 6 7 8 |  8.0
Dodging        | 6 |  6.0
Fighting       | 3 6 7 9 |  9.4
Armour         | 3 4 |  4.0
Stealth        | 6 13 19 | 19.6
Earth Magic    | 6 8 12 15 18 20 | 20.6
Shields        | 8 10 | 10.0

Action                     |  1- 3 |  4- 6 |  7- 9 | 10-12 | 13-15 | 16-18 | 19-21 | 22-24 || total
---------------------------+-------+-------+-------+-------+-------+-------+-------+-------++-------
  Melee: Unarmed           |       |     2 |       |       |       |       |       |       ||     2
         Halberd           |       |       |       |    36 |    35 |       |       |       ||    71
         Demon trident     |       |       |       |       |     6 |    52 |       |       ||    58
         Staff             |       |       |       |       |       |     7 |    14 |       ||    21
  Throw: Dart              |       |       |       |     8 |     4 |     1 |       |       ||    13
   Cast: Magic Dart        |    59 |   104 |   177 |    35 |    68 |    59 |     3 |       ||   505
         Searing Ray       |     4 |    21 |    61 |    16 |    16 |    14 |     5 |       ||   137
         Fulminant Prism   |       |       |    12 |     6 |     8 |    16 |     1 |       ||    43
         Mephitic Cloud    |       |       |     1 |     2 |     3 |     2 |     1 |       ||     9
         Iskenderun's Myst |       |       |     9 |    34 |   129 |   128 |    89 |     2 ||   391
         Freezing Cloud    |       |       |     3 |    28 |   177 |   189 |    65 |       ||   462
         Tukima's Dance    |       |       |       |       |     1 |     2 |       |       ||     3
         Orb of Destructio |       |       |       |       |    25 |   170 |   138 |     5 ||   338
         Iron Shot         |       |       |       |       |    11 |   124 |   288 |     5 ||   428
         Lehudib's Crystal |       |       |       |       |       |       |    18 |     2 ||    20
         Olgreb's Toxic Ra |       |       |       |       |       |       |     9 |     2 ||    11
         Ignite Poison     |       |       |       |       |       |       |     4 |       ||     4
         Lee's Rapid Decon |       |       |       |       |       |       |     2 |       ||     2
 Invoke: Call Merchant     |       |       |       |     2 |     1 |       |     2 |       ||     5
  Evoke: Wand              |       |       |       |     2 |       |       |     1 |       ||     3
    Use: Potion            |     1 |       |     1 |     1 |     7 |     2 |    12 |     1 ||    25
         Scroll            |       |       |    10 |     1 |    14 |    10 |    13 |     2 ||    50
   Stab: Distracted        |       |       |       |       |       |     1 |       |       ||     1
 Armour: Robe              |     1 |     7 |    12 |    12 |    10 |    58 |    47 |     6 ||   153
         Leather armour    |       |       |       |       |    14 |    22 |       |       ||    36
  Dodge: Dodged            |    10 |    26 |   109 |    72 |   130 |   245 |   214 |    16 ||   822
  Block: Kite shield       |       |       |       |       |       |   100 |   249 |    10 ||   359
